[Event "Late-Titled-Tuesday-Blitz-April-02-2024"]
[Site "Chess.com"]
[Date "2024.04.02"]
[Round "6"]
[White "Indefatigable11"]
[Black "mightysmasher"]
[Result "1/2-1/2"]
[WhiteElo "2204"]
[BlackElo "2584"]
[TimeControl "180+1"]
[EndTime "15:01:05 PDT"]
[Termination "Game drawn by repetition"]

1. d4 d5 2. c4 e6 3. Nc3 Be7 4.
cxd5 exd5 5. Bf4 Nf6 6. e3 O-O 7. Bd3 c6 8. Qc2 Nbd7 9. Nf3 Re8 10. h3 Nf8 11. O-O Bd6 12. Bxd6 Qxd6 13. Ne5 Ng6 14.
f4 c5 15. Nb5 Qb6 16. Bxg6 hxg6 17. Qxc5 Qxc5 18. dxc5 Rd8 19. Nd6 Be6 20. Nxb7 Rdc8 21. c6 Rab8 22. b4 Ne4 23. b5 f6 24. Nd7 Bxd7 25.
cxd7 Rf8 26. d8=Q Rfxd8 27. Nxd8 Rxd8 28. Rac1 Rb8 29. a4 Rd8 30. Rc7 d4 31. exd4 Rxd4 32. Rxa7 Rb4 33. Rc1 g5 34. f5 Ng3 35. Rc5 Rb1+ 36. Kh2 Nf1+ 37. Kg1 Ng3+ 38. Kh2 Nf1+ 39. Kg1 Ng3+ 1/2-1/2

[Event "Late-Titled-Tuesday-Blitz-April-02-2024"]
[Site "Chess.com"]
[Date "2024.04.02"]
[Round "6"]
[White "PawnEatingZombie"]
[Black "Charodej1"]
[Result "1-0"]
[WhiteElo "2183"]
[BlackElo "2380"]
[TimeControl "180+1"]
[EndTime "15:01:10 PDT"]
[Termination "PawnEatingZombie won by resignation"]

1. e4 c6 2. Nf3 d5 3. d3 dxe4 4. dxe4 Qxd1+ 5. Kxd1 Bg4 6. Be2 Nd7 7. Ne1 Bxe2+ 8. Kxe2 e6 9. Be3 Ngf6 10. f3 Rg8 11. h4 Bd6 12. g4 Ne5 13. Nd2 h5 14. g5 Nfd7 15. a4 a5 16. Nd3 Ke7 17. b3 Rad8 18. Nf2 Rge8 19. f4 Ng6 20. e5 Bc7 21. Nfe4 Kf8 22.
Nc4 Ne7 23. Ncd6 Bxd6 24. Nxd6 Nf5 25. Nxe8 Ng3+ 26. Kf3 Nxh1 27. Nd6 1-0

[Event "Late-Titled-Tuesday-Blitz-April-02-2024"]
[Site "Chess.com"]
[Date "2024.04.02"]
[Round "6"]
[White "jcmesafischer"]
[Black "zverr1"]
[Result "1-0"]
[WhiteElo "2383"]
[BlackElo "2522"]
[TimeControl "180+1"]
[EndTime "15:01:27 PDT"]
[Termination "jcmesafischer won by resignation"]

1. e4 d5 2. exd5 Qxd5 3. Nc3 Qa5 4. d3 c5 5. Nf3 Nf6 6. h3 Nc6 7. Be3 Bf5 8. g4 Bd7 9. Nd2 e6 10. Nb3 Qb6 11. Bg2 Nd4 12. O-O Bd6 13. Ne2 Nxe2+ 14.
Qxe2 Qc7 15. Nd2 O-O-O 16. Nc4 Nd5 17. Nxd6+ Qxd6 18. f4 Nxe3 19. Qxe3 Bc6 20. Bxc6 Qxc6 21. f5 exf5 22. Rxf5 f6 23. Rxc5 Rhe8 24. Rxc6+ Kb8 25. Re6 1-0

[Event "Late-Titled-Tuesday-Blitz-April-02-2024"]
[Site "Chess.com"]
[Date "2024.04.02"]
[Round "6"]
[White "sergoy"]
[Black "dedpihto_v_kozhanom_palto"]
[Result "1-0"]
[WhiteElo "2911"]
[BlackElo "2718"]
[TimeControl "180+1"]
[EndTime "15:01:31 PDT"]
[Termination "sergoy won by resignation"]

1. d4 g6 2. e4 Bg7 3. Nc3 d6 4. f4 Nc6 5. Nf3 Bg4 6. Be3 Bxf3 7. gxf3 e5 8. fxe5 dxe5 9. dxe5 Nxe5 10.
Qxd8+ Rxd8 11. Be2 Nf6 12. h3 O-O 13. f4 Nc6 14. e5 Nd5 15. Nxd5 Rxd5 16. c3 Nxe5 17.
fxe5 Rxe5 18. Bd4 Re4 19. Bxg7 Rfe8 20. O-O-O Kxg7 21. Bf3 Ra4 22. Bxb7 Rxa2 23. Bd5 Ra5 24. Rd2 Ra1+ 25. Kc2 Rxh1 26. Bxh1 Re3 27. Rd7 Rxh3 28. Bd5 Rh2+ 29. Kb3 Rf2 30. Rxc7 a5 31. c4 h5 32. c5 h4 33. c6 h3 34. Re7 h2 35.
c7 a4+ 36. Kxa4 Rc2 37. Rxf7+ Kh6 38. b4 g5 39. b5 g4 40. b6 g3 41. b7 g2 42.
c8=Q 1-0

[Event "Late-Titled-Tuesday-Blitz-April-02-2024"]
[Site "Chess.com"]
[Date "2024.04.02"]
[Round "6"]
[White "expii"]
[Black "steepedgames"]
[Result "0-1"]
[WhiteElo "2224"]
[BlackElo "2525"]
[TimeControl "180+1"]
[EndTime "15:01:36 PDT"]
[Termination "steepedgames won by resignation"]

1. e4 e6 2. d4 d5 3. e5 c5 4. c3 Qb6 5. Nf3 Bd7 6. Be2 Bb5 7. O-O Nc6 8. Be3 Bxe2 9. Qxe2 c4 10. Na3 Bxa3 11.
bxa3 Nge7 12. Rab1 Qa6 13. Qb2 b6 14. a4 Qxa4 15.
Qb5 Qxb5 16. Rxb5 h6 17. Rfb1 Kd7 18. a4 Rhb8 19. a5 Nxa5 0-1

[Event "Late-Titled-Tuesday-Blitz-April-02-2024"]
[Site "Chess.com"]
[Date "2024.04.02"]
[Round "6"]
[White "laskakid"]
[Black "kleber2007"]
[Result "1-0"]
[WhiteElo "2309"]
[BlackElo "2472"]
[TimeControl "180+1"]
[EndTime "15:01:37 PDT"]
[Termination "laskakid won by checkmate"]

1. e4 c6 2. d3 d5 3. Nd2 e5 4. Ngf3 Bd6 5. d4 exd4 6. Bd3 dxe4 7. Nxe4 Nf6 8. Nxf6+ Qxf6 9. O-O O-O 10. Bg5 Qe6 11.
Re1 Qd5 12. c4 dxc3 13. Qc2 cxb2 14. Rad1 Qc5 15. Bxh7+ Kh8 16. Qe4 g6 17. Qh4 Kg7 18. Bf6# 1-0

[Event "Late-Titled-Tuesday-Blitz-April-02-2024"]
[Site "Chess.com"]
[Date "2024.04.02"]
[Round "6"]
[White "AktilekAskarovich"]
[Black "ansko1999"]
[Result "0-1"]
[WhiteElo "2442"]
[BlackElo "2629"]
[TimeControl "180+1"]
[EndTime "15:01:39 PDT"]
[Termination "ansko1999 won on time"]

1. d4 d5 2. c4 c6 3. Nf3 Nf6 4. Nc3 a6 5. cxd5 cxd5 6. Bf4 Nc6 7. e3 Bf5 8. Qb3 b5 9. Ne5 Na5 10. Qd1 Nc4 11. b3 Qa5 12. Rc1 Nxe5 13. dxe5 Ne4 14. Qxd5 Rc8 15. Bd3 Nxc3 0-1

[Event "Late-Titled-Tuesday-Blitz-April-02-2024"]
[Site "Chess.com"]
[Date "2024.04.02"]
[Round "6"]
[White "vladislavkovalev"]
[Black "xasid81"]
[Result "1-0"]
[WhiteElo "2884"]
[BlackElo "2641"]
[TimeControl "180+1"]
[EndTime "15:01:44 PDT"]
[Termination "vladislavkovalev won by resignation"]

1. e4 c6 2. Nf3 d5 3. d3 Nf6 4.
e5 Ng8 5. h3 h6 6. d4 e6 7. Bd3 c5 8. c3 Nc6 9. O-O Bd7 10.
dxc5 Bxc5 11. b4 Bb6 12. a4 a5 13. b5 Nb8 14. Ba3 Ne7 15. c4 dxc4 16. Be4 Bc8 17. Nbd2 O-O 18. Nxc4 Nd5 19. Bxf8 Kxf8 20. Nxb6 Qxb6 21. Rc1 Nd7 22. Bxd5 exd5 23. Qxd5 Qe6 24. Qd4 b6 25. Rfd1 Nc5 26. Qd8+ Qe8 27. Qxb6 Nxa4 28.
Qd6+ Kg8 29. Qc6 Be6 30. Nd4 Qxc6 31. bxc6 Nb2 32. Nxe6 Nxd1 33. Rxd1 fxe6 34. c7 1-0

[Event "Late-Titled-Tuesday-Blitz-April-02-2024"]
[Site "Chess.com"]
[Date "2024.04.02"]
[Round "6"]
[White "vova-79"]
[Black "Byniolus"]
[Result "0-1"]
[WhiteElo "2559"]
[BlackElo "2779"]
[TimeControl "180+1"]
[EndTime "15:01:47 PDT"]
[Termination "Byniolus won by resignation"]

1. d4 d6 2. c4 e5 3. Nc3 exd4 4. Qxd4 Nc6 5. Qd2 Nf6 6. g3 Be6 7. Nd5 Ne5 8. b3 c6 9. Nf4 Ne4 10. Qe3 d5 11. Bg2 Bc5 12. Nxe6 fxe6 13. Qf4 Bxf2+ 14. Kd1 Bd4 15. Rb1 Rf8 16. Qh4 Qxh4 17. gxh4 Nf2+ 18. Kc2 Nxh1 0-1

[Event "Late-Titled-Tuesday-Blitz-April-02-2024"]
[Site "Chess.com"]
[Date "2024.04.02"]
[Round "6"]
[White "Mysterio47"]
[Black "Onthequiet"]
[Result "1-0"]
[WhiteElo "2746"]
[BlackElo "2422"]
[TimeControl "180+1"]
[EndTime "15:01:47 PDT"]
[Termination "Mysterio47 won by checkmate"]

1. e4 c6 2. Nc3 d5 3. Nf3 dxe4 4. Nxe4 Nf6 5. Nxf6+ exf6 6. Bc4 Be7 7. Qe2 O-O 8. O-O Na6 9. Bxa6 bxa6 10. d3 Rb8 11. b3 Bd6 12. Bb2 Bg4 13. h3 Re8 14. Qd1 Bh5 15. g3 Qb6 16. Kg2 Re7 17. g4 Bg6 18.
Nd2 Bf4 19. Nc4 Qc7 20. Qf3 Rbe8 21. h4 h5 22. gxh5 Bf5 23. Bc1 Bxc1 24. Raxc1 Qd7 25. Ne3 Re5 26. Qg3 Kh7 27. Kh2 Rg8 28. Rg1 g5 29.
hxg6+ Rxg6 30. Qf4 c5 31. Rxg6 fxg6 32. Rg1 Qd4 33. Kg3 Qb2 34. Nc4 Qxc2 35. Nxe5 fxe5 36.
Qxe5 Qxd3+ 37. Qe3 Qc2 38. Re1 Qxa2 39. Qe7+ Kg8 40. Qe8+ Kg7 41. Re7+ Kf6 42. Qf8# 1-0

[Event "Late-Titled-Tuesday-Blitz-April-02-2024"]
[Site "Chess.com"]
[Date "2024.04.02"]
[Round "6"]
[White "Franmu14"]
[Black "Jahonas"]
[Result "1-0"]
[WhiteElo "2672"]
[BlackElo "2502"]
[TimeControl "180+1"]
[EndTime "15:01:51 PDT"]
[Termination "Franmu14 won by resignation"]

1. e4 e6 2. d4 d5 3. exd5 exd5 4. Nc3 Nf6 5. Bg5 c6 6. Qd3 Be7 7. O-O-O h6 8. Bxf6 Bxf6 9. Kb1 O-O 10. h4 Bg4 11. f3 Bh5 12. g4 Bg6 13. Qd2 Bxh4 14. Bd3 Bxd3 15. Qxd3 Bg5 16. Nge2 Qd6 17. Rdf1 Bf4 18.
Qf5 Bd2 19. Qd3 Bxc3 20. Qxc3 f6 21. f4 Nd7 22. Ng3 Qe6 23. Nf5 Rfe8 24. Qh3 Nf8 25.
g5 Ng6 26. gxh6 Nxf4 27. Qg4 g5 28. a3 Kh7 29. Rxf4 1-0

[Event "Late-Titled-Tuesday-Blitz-April-02-2024"]
[Site "Chess.com"]
[Date "2024.04.02"]
[Round "6"]
[White "maurovargas01"]
[Black "Mariia89"]
[Result "0-1"]
[WhiteElo "1875"]
[BlackElo "2280"]
[TimeControl "180+1"]
[EndTime "15:01:53 PDT"]
[Termination "Mariia89 won by resignation"]

1. e4 c6 2. Nc3 d5 3. d3 dxe4 4. Nxe4 Nf6 5. Nxf6+ exf6 6. Nf3 Bg4 7. Be2 Bd6 8. O-O O-O 9. Nd2 Bxe2 10. Qxe2 Re8 11. Qg4 Nd7 12. d4 Qc7 13. Nf3 Nb6 14.
b3 c5 15. c4 cxd4 16. Nxd4 Bxh2+ 17. Kh1 Be5 18. Nf5 g6 19. Rb1 h5 20. Nh6+ Kg7 21. Qh3 Bf4 22. Nf5+ gxf5 23. Qxh5 Rh8 24. Qxh8+ Rxh8+ 25. Kg1 Bxc1 26. g3 Bf4 0-1

[Event "Late-Titled-Tuesday-Blitz-April-02-2024"]
[Site "Chess.com"]
[Date "2024.04.02"]
[Round "6"]
[White "KuzubovYuriy"]
[Black "Korchmar_Vasiliy"]
[Result "1-0"]
[WhiteElo "2927"]
[BlackElo "2732"]
[TimeControl "180+1"]
[EndTime "15:02:01 PDT"]
[Termination "KuzubovYuriy won by resignation"]

1. d4 d5 2. c4 c6 3. Nf3 Nf6 4. Nc3 a6 5. Qc2 Bg4 6. e3 Bxf3 7. gxf3 g6 8. Qb3 Ra7 9. e4 dxe4 10.
fxe4 Bg7 11. e5 Nh5 12. Be3 b5 13. Be2 O-O 14. Bxh5 gxh5 15. Rg1 Kh8 16. O-O-O bxc4 17. Qxc4 Rb7 18. Ne4 Nd7 19. Ng5 Nb6 20. Nxf7+ Rxf7 21. Qxf7 e6 22. Qxb7 1-0

[Event "Late-Titled-Tuesday-Blitz-April-02-2024"]
[Site "Chess.com"]
[Date "2024.04.02"]
[Round "6"]
[White "sorch29"]
[Black "GoltsevDmitry2000"]
[Result "0-1"]
[WhiteElo "2428"]
[BlackElo "2782"]
[TimeControl "180+1"]
[EndTime "15:02:01 PDT"]
[Termination "GoltsevDmitry2000 won on time"]

1. c4 e5 2. g3 d5 3. cxd5 Qxd5 4. Nf3 Nf6 5. Nc3 Qe6 6. Bg2 Nc6 7. O-O Bc5 8. a3 h5 9. b4 Bb6 10. Bb2 h4 11.
Na4 hxg3 12. hxg3 e4 13. Nxb6 axb6 14. Ng5 Qg4 15. Bxf6 Qh5 16. f4 gxf6 17. Nxe4 Qh2+ 18. Kf2 Bh3 19. Rg1 O-O-O 20. d3 Nd4 21. Qf1 Bxg2 22. Qxg2 Qh5 23. Rae1 Nc2 24. Rd1 Qd5 25. Rc1 Qd4+ 26.
Kf1 Ne3+ 27. Ke1 Nxg2+ 0-1

[Event "Late-Titled-Tuesday-Blitz-April-02-2024"]
[Site "Chess.com"]
[Date "2024.04.02"]
[Round "6"]
[White "PhileKhoob"]
[Black "sillypiggy2024"]
[Result "1-0"]
[WhiteElo "2253"]
[BlackElo "1737"]
[TimeControl "180+1"]
[EndTime "15:02:02 PDT"]
[Termination "PhileKhoob won on time"]

1. Nf3 Nf6 2. g3 g6 3. Bg2 Bg7 4. O-O O-O 5. d4 d5 6. c4 c6 7. a4 Bf5 8. Nc3 Nbd7 9. a5 dxc4 10. Qa4 Ne4 11. Qxc4 Ndf6 12. Nh4 Be6 13. Qd3 Nxc3 14. bxc3 Qd7 15. Re1 Rfd8 16. Ba3 Nd5 17. c4 Nc7 18. e3 b6 19. Nf3 bxa5 20. Bb2 Rab8 21. Bc3 Na6 22.
Rxa5 Rdc8 23. Rxa6 Qb7 24. Rea1 1-0

[Event "Late-Titled-Tuesday-Blitz-April-02-2024"]
[Site "Chess.com"]
[Date "2024.04.02"]
[Round "6"]
[White "SpeedofLight0"]
[Black "shimastream"]
[Result "1-0"]
[WhiteElo "3070"]
[BlackElo "3014"]
[TimeControl "180+1"]
[EndTime "15:02:03 PDT"]
[Termination "SpeedofLight0 won on time"]

1. d4 Nf6 2. Nc3 d5 3. Bf4 a6 4. e3 Bf5 5. Bd3 Bxd3 6. cxd3 e6 7. Nf3 c5 8. Qb3 b5 9. dxc5 Bxc5 10. Rc1 Nbd7 11.
O-O O-O 12. Ne2 Rc8 13. Rc3 Bb6 14. Rfc1 Rxc3 15. Qxc3 h6 16. Ned4 Bxd4 17. Nxd4 Re8 18. Bd6 Qb6 19. Qc7 Qxc7 20. Rxc7 e5 21. Nf5 Re6 22.
Bb4 h5 23. Kf1 g6 24. Ne7+ Kg7 25. Nc6 Nb6 26. Nd8 1-0

[Event "Late-Titled-Tuesday-Blitz-April-02-2024"]
[Site "Chess.com"]
[Date "2024.04.02"]
[Round "6"]
[White "chess_sharparchitect"]
[Black "Bala-Afiada"]
[Result "1-0"]
[WhiteElo "2283"]
[BlackElo "1964"]
[TimeControl "180+1"]
[EndTime "15:02:03 PDT"]
[Termination "chess_sharparchitect won by resignation"]

1. c4 Nf6 2. Nc3 e6 3. e4 d5 4. e5 Nfd7 5. d4 dxc4 6. Bxc4 Nb6 7. Bb3 c5 8. Nf3 cxd4 9. Nxd4 Nc6 10. Nxc6 Qxd1+ 11. Bxd1 bxc6 12. Bf3 Bd7 13. O-O Nd5 14. Bd2 Rb8 15.
b3 Bb4 16. Rac1 O-O 17. Rfd1 Ba3 18. Rb1 Nb4 19. Ne4 Nc2 20. Bc3 Rfd8 21. Ba5 Bb4 22.
Bxd8 Rxd8 23. Rbc1 Na3 24. Nc5 Bxc5 25. Rxc5 Nb5 26.
Bxc6 1-0

[Event "Late-Titled-Tuesday-Blitz-April-02-2024"]
[Site "Chess.com"]
[Date "2024.04.02"]
[Round "6"]
[White "dennisodessa"]
[Black "youngdinousaur"]
[Result "1-0"]
[WhiteElo "2558"]
[BlackElo "2229"]
[TimeControl "180+1"]
[EndTime "15:02:05 PDT"]
[Termination "dennisodessa won by resignation"]

1. d4 Nf6 2. c4 e6 3. Nc3 d5 4. cxd5 exd5 5. Bg5 Bb4 6. Qa4+ Nc6 7.
Nf3 O-O 8. e3 Bf5 9. Bb5 a5 10. O-O h6 11. Bxf6 Qxf6 12. Nxd5 Qd6 13. Nxb4 Nxb4 14. Rac1 c6 15. Be2 Be4 16. Nd2 Bd5 17.
a3 b5 18. Qd1 Na6 19. Bf3 Rfc8 20. Ne4 Qg6 21. Nc5 Bxf3 22. Qxf3 b4 23. a4 Nc7 24. Qe4 Qf6 25. Nd7 Qd6 26. Qxc6 1-0

[Event "Late-Titled-Tuesday-Blitz-April-02-2024"]
[Site "Chess.com"]
[Date "2024.04.02"]
[Round "6"]
[White "The_Straightforward_Rook"]
[Black "protectiago"]
[Result "1-0"]
[WhiteElo "2365"]
[BlackElo "2064"]
[TimeControl "180+1"]
[EndTime "15:02:05 PDT"]
[Termination "The_Straightforward_Rook won by resignation"]

1. e4 e5 2. Nf3 Nc6 3. Bc4 Bc5 4. d3 Nf6 5. Bg5 d6 6. c3 Bb6 7. Nbd2 Be6 8. b4 a6 9. a4 h6 10. Bh4 g5 11. Bg3 Rg8 12. Qb3 Qd7 13. O-O h5 14. h4 gxh4 15. Bxh4 Ng4 16. Bxe6 fxe6 17. Nc4 Ba7 18. b5 Ne7 19. b6 cxb6 20. Nxb6 Qc7 21. Nxa8 Qb8 22. Qxe6 Rg7 23. Bxe7 Rxe7 24. Qg8+ Kd7 25.
Qxb8 Bxb8 26. Nb6+ Kc6 27. Nd5 Rg7 28. Rab1 Ba7 29.
d4 exd4 30. Nxd4+ Kd7 31. Rxb7+ 1-0

[Event "Late-Titled-Tuesday-Blitz-April-02-2024"]
[Site "Chess.com"]
[Date "2024.04.02"]
[Round "6"]
[White "Blackwhite017"]
[Black "GoValya"]
[Result "0-1"]
[WhiteElo "2060"]
[BlackElo "2235"]
[TimeControl "180+1"]
[EndTime "15:02:06 PDT"]
[Termination "GoValya won by resignation"]

1. e4 e6 2. d3 d5 3. Nd2 Nf6 4. Ngf3 c5 5. g3 Nc6 6. Bg2 Be7 7. O-O O-O 8. Qe2 d4 9. e5 Nd5 10. a4 Ncb4 11. Nc4 Bd7 12. h4 b5 13. axb5 Bxb5 14.
Bg5 h6 15. Bxe7 Qxe7 16. Nd6 a6 17. Rfc1 f6 18. c4 dxc3 19. bxc3 Nxd3 20. c4 Nxc1 21.
Rxc1 fxe5 22. Qxe5 Bc6 23. cxd5 Bxd5 24. Rxc5 Bxf3 25.
Bh3 Rab8 26. Bxe6+ Kh8 27. Nf7+ Qxf7 0-1

[Event "Late-Titled-Tuesday-Blitz-April-02-2024"]
[Site "Chess.com"]
[Date "2024.04.02"]
[Round "6"]
[White "AlexandreHouhou"]
[Black "ATM622"]
[Result "0-1"]
[WhiteElo "2358"]
[BlackElo "2525"]
[TimeControl "180+1"]
[EndTime "15:02:10 PDT"]
[Termination "ATM622 won by resignation"]

1. e4 c6 2. d4 d5 3. exd5 cxd5 4. c4 e6 5. Nc3 Nf6 6. cxd5 exd5 7. Bg5 Be7 8. Bd3 Nc6 9. Nge2 h6 10. Bh4 O-O 11.
O-O Be6 12. Rc1 Rc8 13. Re1 Re8 14. Qb3 Na5 15. Qa4 a6 16. Nf4 Bd7 17. Qc2 g5 18.
Nfxd5 Nxd5 19. Bg3 Nxc3 20. bxc3 Bf6 21. h4 Rxe1+ 22.
Rxe1 Bxd4 23. hxg5 Qxg5 24. Qe2 Qxg3 25. cxd4 Qf4 26.
Qh5 Nc4 27. Re4 Qg5 28. Qe2 Nd2 29. Re3 Rc1+ 30. Kh2 Nf1+ 31. Qxf1 Rxf1 32. Bxf1 Qh5+ 33. Kg1 Qd1 34. Rd3 Qc1 35. Rg3+ Kf8 0-1

[Event "Late-Titled-Tuesday-Blitz-April-02-2024"]
[Site "Chess.com"]
[Date "2024.04.02"]
[Round "6"]
[White "Crazy_girl99"]
[Black "Zhigalko_Sergei"]
[Result "0-1"]
[WhiteElo "2636"]
[BlackElo "2883"]
[TimeControl "180+1"]
[EndTime "15:02:18 PDT"]
[Termination "Zhigalko_Sergei won by resignation"]

1. Nf3 d5 2. g3 c6 3. Bg2 Bg4 4. d4 e6 5. O-O Nf6 6. c4 Be7 7. Nc3 O-O 8. h3 Bh5 9. cxd5 cxd5 10. Ne5 Nfd7 11. g4 Nxe5 12. gxh5 Nec6 13. Kh1 Bf6 14. Be3 Nd7 15. Bf3 Qb6 16. Na4 Qb5 17. Rc1 Rac8 18. b3 Qb4 19. Qe1 Qxe1 20. Rfxe1 Nxd4 21. Kg2 Nc2 22. Red1 Nxe3+ 23. fxe3 b5 24. Rxc8 Rxc8 25. Bxd5 exd5 26.
Rxd5 bxa4 27. Rxd7 axb3 28. axb3 a5 29. Ra7 Bc3 30.
Kf3 h6 31. e4 Rb8 0-1

[Event "Late-Titled-Tuesday-Blitz-April-02-2024"]
[Site "Chess.com"]
[Date "2024.04.02"]
[Round "6"]
[White "Felix-Rose"]
[Black "PNEPaul"]
[Result "1-0"]
[WhiteElo "2321"]
[BlackElo "1973"]
[TimeControl "180+1"]
[EndTime "15:02:18 PDT"]
[Termination "Felix-Rose won on time"]

1. e4 e5 2. Nf3 Nc6 3. Bb5 f5 4. d3 Nf6 5. O-O Be7 6. exf5 O-O 7. Bxc6 dxc6 8. Nxe5 Bxf5 9. Nc3 Bd6 10. d4 c5 11.
Qf3 Bxc2 12. Nd5 cxd4 13. Nxf6+ Rxf6 14. Qd5+ Kh8 15. Nf7+ Rxf7 16. Qxf7 Qh4 17. g3 Qh3 18. Qf3 d3 19. Qxb7 Re8 20. Be3 1-0

[Event "Late-Titled-Tuesday-Blitz-April-02-2024"]
[Site "Chess.com"]
[Date "2024.04.02"]
[Round "6"]
[White "Jaka_Brilej"]
[Black "Yushko_Olga"]
[Result "1-0"]
[WhiteElo "2568"]
[BlackElo "2233"]
[TimeControl "180+1"]
[EndTime "15:02:19 PDT"]
[Termination "Jaka_Brilej won by resignation"]

1. e4 Nf6 2. e5 Nd5 3. c4 Nb6 4.
d4 d6 5. exd6 exd6 6. Nc3 Be7 7.
Be3 O-O 8. Bd3 Re8 9. Nge2 Bg4 10. O-O Nc6 11. b3 d5 12. c5 Nc8 13. h3 Bh5 14.
Qd2 Bf6 15. Nf4 Bg6 16. Bxg6 hxg6 17. Nfxd5 N8e7 18. Nxf6+ gxf6 19. d5 Ne5 20. f4 Nd7 21. Rfe1 Nf5 22. Bf2 Nf8 23. Rxe8 Qxe8 24. Re1 Qd7 25.
Ne4 Kg7 26. Nxf6 Qd8 27. Re8 Qxf6 28. Rxa8 b6 29. Rxa7 bxc5 30. Bxc5 Nd7 31. Rxc7 Nxc5 32. Rxc5 Nd6 33. Qc3 Ne4 34. Qxf6+ Kxf6 35. Rc7 Nd6 36. a4 Ne8 37. Rc6+ Ke7 38. a5 1-0

[Event "Late-Titled-Tuesday-Blitz-April-02-2024"]
[Site "Chess.com"]
[Date "2024.04.02"]
[Round "6"]
[White "Romkachess"]
[Black "TigrVShlyape"]
[Result "0-1"]
[WhiteElo "2678"]
[BlackElo "2946"]
[TimeControl "180+1"]
[EndTime "15:02:21 PDT"]
[Termination "TigrVShlyape won by resignation"]

1. e4 e5 2. Nf3 Nc6 3. Bb5 a6 4. Ba4 d6 5. h3 Bd7 6. c3 Nf6 7. Bc2 g6 8. d4 Bg7 9. O-O O-O 10. Bg5 h6 11. Bh4 Qe8 12. Re1 Nh5 13. Na3 f5 14.
exf5 gxf5 15. dxe5 dxe5 16. Bb3+ Kh8 17. Nc4 e4 18. Nd4 Qg6 19. Kh1 Rae8 20. Ne3 Ne5 21. Nd5 c5 22. Ne2 c4 23. Nef4 Nxf4 24. Nxf4 Qf7 25. Bc2 Nd3 26. Bxd3 cxd3 27. Qd2 Bc6 28. Re3 Kh7 29. Rae1 Qxa2 30. Bg3 Qf7 31. h4 Rg8 32. Kh2 Bf6 33. f3 Rxg3 34. Kxg3 Be5 35. fxe4 Qg7+ 36.
Kh3 Qg4+ 0-1

[Event "Late-Titled-Tuesday-Blitz-April-02-2024"]
[Site "Chess.com"]
[Date "2024.04.02"]
[Round "6"]
[White "Meri-Arabidze"]
[Black "ViIIagra"]
[Result "0-1"]
[WhiteElo "2704"]
[BlackElo "2904"]
[TimeControl "180+1"]
[EndTime "15:02:24 PDT"]
[Termination "ViIIagra won by resignation"]

1. Nf3 d6 2. c4 e5 3. g3 f5 4.
Bg2 Nf6 5. O-O Be7 6. b4 e4 7.
Nd4 c5 8. Nc2 Nc6 9. a3 O-O 10.
Bb2 Qe8 11. d3 Qg6 12. Nc3 Ne5 13. Nb5 exd3 14. exd3 f4 15. d4 f3 16. Bh1 Nfg4 17. Re1 Qh5 18. h4 Bxh4 19. Rxe5 dxe5 20. Bxf3 Bxg3 0-1

[Event "Late-Titled-Tuesday-Blitz-April-02-2024"]
[Site "Chess.com"]
[Date "2024.04.02"]
[Round "6"]
[White "Balla_Tamas"]
[Black "SaqoChess_Twitch"]
[Result "1-0"]
[WhiteElo "2514"]
[BlackElo "2656"]
[TimeControl "180+1"]
[EndTime "15:02:24 PDT"]
[Termination "Balla_Tamas won by checkmate"]

1. Nf3 d5 2. b3 e6 3. Bb2 Nf6 4. e3 Be7 5. c4 O-O 6. Nc3 c5 7.
cxd5 exd5 8. d4 Nc6 9. dxc5 Bxc5 10. Be2 Be6 11. O-O h6 12. Rc1 Qe7 13. Qc2 Rac8 14.
Nxd5 Nxd5 15. Qxc5 Qxc5 16. Rxc5 b6 17. Rcc1 Ncb4 18.
a3 Na2 19. Rxc8 Rxc8 20. Bc4 Nac3 21. Nd4 Ne4 22. Nxe6 fxe6 23. Rd1 b5 24. Bd3 Nc5 25. Bxb5 Nxb3 26. Bd7 Rc2 27. Bxe6+ Kf8 28. Be5 Nc3 29. Bxb3 Ra2 30. Bxa2 Nxd1 31. Bb3 g5 32. Bxd1 Kf7 33.
Bg3 a5 34. h4 Kg6 35. hxg5 hxg5 36. Bc2+ Kh5 37. e4 a4 38. e5 g4 39. e6 Kg5 40. e7 Kh6 41. e8=Q Kg5 42. Qg6# 1-0

[Event "Late-Titled-Tuesday-Blitz-April-02-2024"]
[Site "Chess.com"]
[Date "2024.04.02"]
[Round "6"]
[White "MoldyTofu"]
[Black "newauto"]
[Result "0-1"]
[WhiteElo "2049"]
[BlackElo "2207"]
[TimeControl "180+1"]
[EndTime "15:02:24 PDT"]
[Termination "newauto won by resignation"]

1. b3 c6 2. Bb2 d5 3. e3 Bf5 4. d4 Nf6 5. Bd3 Bxd3 6. Qxd3 e6 7. Nf3 Nbd7 8. Nbd2 Bd6 9. c4 O-O 10. O-O Re8 11. h3 e5 12. dxe5 Nxe5 13. Nxe5 Bxe5 14. Bxe5 Rxe5 15. Nf3 Re8 16. Rfd1 dxc4 17. Qxc4 Qc7 18. Rac1 Rac8 19. Nd4 Red8 20. Nf5 Rxd1+ 21. Rxd1 g6 22. Nh6+ Kg7 23. Qd4 c5 24. Qc3 b5 25. Ng4 Qe7 26.
Rd5 Rc7 27. Kf1 h5 28. Nxf6 Qxf6 29. Qxf6+ Kxf6 30. Ke2 Ke6 31. e4 f5 32. f3 a6 33.
Ke3 h4 34. Rd8 fxe4 35. Kxe4 c4 36. Re8+ Kf7 37. Rd8 c3 38. Rd1 Re7+ 39. Kf4 Re2 40. Rc1 b4 41. Kg4 Rxa2 42. g3 hxg3 43. Kxg3 Rb2 0-1

[Event "Late-Titled-Tuesday-Blitz-April-02-2024"]
[Site "Chess.com"]
[Date "2024.04.02"]
[Round "6"]
[White "MarcoRiehle"]
[Black "guillembaches"]
[Result "0-1"]
[WhiteElo "2773"]
[BlackElo "2591"]
[TimeControl "180+1"]
[EndTime "15:02:34 PDT"]
[Termination "guillembaches won by checkmate"]

1. e4 d5 2. exd5 Qxd5 3. Nc3 Qa5 4. d4 Nf6 5. Nf3 Bf5 6. Bc4 e6 7. Bd2 Bb4 8. a3 Bxc3 9. Bxc3 Qb6 10. Qd2 Nc6 11. Ne5 Nxe5 12. dxe5 Rd8 13. Qxd8+ Kxd8 14. exf6 g5 15. O-O-O+ Kc8 16. Rd2 Rd8 17. Rhd1 Rxd2 18. Rxd2 Qc6 19. Bb3 Qxg2 20. Kb1 Qxh2 21. Ka2 h5 22.
Bb4 Qf4 23. Rd1 b6 24. Ba4 Kb7 25. Rd8 a5 26. Bd7 axb4 27. axb4 Bxc2 28. b5 Qa4# 0-1

[Event "Late-Titled-Tuesday-Blitz-April-02-2024"]
[Site "Chess.com"]
[Date "2024.04.02"]
[Round "6"]
[White "WCM-Mexicana"]
[Black "nabukatnezarr"]
[Result "0-1"]
[WhiteElo "2426"]
[BlackElo "2627"]
[TimeControl "180+1"]
[EndTime "15:02:35 PDT"]
[Termination "nabukatnezarr won by resignation"]

1. d4 Nf6 2. Bf4 e6 3. e3 b6 4. Qf3 c6 5. Nc3 d5 6. Bd3 Bd6 7. Nge2 Ba6 8. Bxa6 Nxa6 9. g4 Qe7 10.
h4 e5 11. dxe5 Bxe5 12. O-O-O O-O 13. Bxe5 Qxe5 14. g5 Ne4 15. h5 Nac5 16. Nxe4 Nxe4 17. Nf4 Nxg5 18. Qg2 h6 19. Rdg1 Kh8 20. Nd3 Qe4 21. Qg3 Rg8 22. Rh4 Qf3 23. Qd6 Qf6 24. Qc7 Rgc8 25.
Qg3 Nf3 26. Rf4 Nxg1 27. Rxf6 Ne2+ 28. Kd2 Nxg3 29. Rxf7 Ne4+ 0-1

[Event "Late-Titled-Tuesday-Blitz-April-02-2024"]
[Site "Chess.com"]
[Date "2024.04.02"]
[Round "6"]
[White "prochn"]
[Black "Cluke86"]
[Result "1/2-1/2"]
[WhiteElo "2508"]
[BlackElo "2335"]
[TimeControl "180+1"]
[EndTime "15:02:35 PDT"]
[Termination "Game drawn by repetition"]

1. d4 d6 2. Nf3 Nf6 3. g3 g6 4. Bg2 Bg7 5. O-O O-O 6. c4 c5 7. d5 b5 8. cxb5 a6 9. bxa6 Bxa6 10. Nc3 Nbd7 11. Rb1 Ng4 12. Qc2 Nge5 13. Nxe5 Nxe5 14.
b3 Qa5 15. Bd2 Rfc8 16. a4 Qb6 17. h3 Rab8 18. Kh2 e6 19. f4 Nd7 20. e4 Bxf1 21.
Bxf1 Qb4 22. dxe6 fxe6 23. Bc4 Kf7 24. Nb5 Rxb5 25. axb5 Qa3 26. f5 gxf5 27. exf5 Ne5 28. Bxe6+ Kf8 29. Bxc8 c4 30. b6 Qc5 31. b7 Qf2+ 32.
Kh1 Qf3+ 33. Kg1 Qxg3+ 34. Kf1 Qf3+ 35. Ke1 Qh1+ 36. Ke2 Qf3+ 37. Ke1 Qh1+ 38. Kf2 Qf3+ 39. Ke1 1/2-1/2